 Dungeon Crawl Stone Soup version 0.28.0-49-g6dfe1f597d (webtiles) character file.

Game seed: 12416731517027948019

794 Gabide the Ducker (level 8, 0/61 HPs)
             Began as a Human Monk on May 12, 2022.
             Killed from afar by Blork the orc (12 damage)
             ... with an iceblast
             ... on level 5 of the Dungeon.
             The game lasted 00:12:32 (7459 turns).

Gabide the Ducker (Human Monk)                      Turns: 7459, Time: 00:12:32

Health: 0/61       AC:  8    Str: 13    XL:     8   Next: 12%
Magic:  8/8        EV: 12    Int: 11    God:
Gold:   261        SH:  0    Dex: 16    Spells: 7/7 levels left

rFire   + . .      SeeInvis .   a - +0 spear
rCold   + . .      Faith    .   (no shield)
rNeg    + . .      Spirit   .   r - +0 ring mail
rPois   +          Reflect  .   e - +0 helmet
rElec   +          Harm     .   (no cloak)
rCorr   +          Rampage  .   s - +0 pair of gloves
Will    .....                   (no boots)
Stlth   +.........              (no amulet)
HPRegen 0.20/turn               m - ring of positive energy
MPRegen 0.11/turn               j - ring of poison resistance

@: resistant
A: no striking features
a: no special abilities


You were on level 5 of the Dungeon.
You visited 1 branch of the dungeon, and saw 5 of its levels.

You collected 262 gold pieces.
You spent 1 gold pieces at shops.

Inventory:

Hand Weapons
 a - a +0 spear (weapon)
 p - a -3 bardiche
Armour
 e - a +0 helmet (worn)
 f - the +2 chain mail "Ytan" {Contam rElec Str+7}
   (You found it on level 4 of the Dungeon)

   Str:       It affects your strength (+7).
   rElec:     It insulates you from electricity.
   Contam:    It causes magical contamination when unequipped.
 r - a +0 ring mail (worn)
 s - a +0 pair of gloves (worn)
Jewellery
 d - a ring of flight
 j - a ring of poison resistance (right hand)
 l - a ring of ice
 m - a ring of positive energy (left hand)
Scrolls
 b - a scroll of identify
 c - a scroll of silence
 h - a scroll of fear
 i - a scroll of brand weapon {unknown}
 k - a scroll of blinking {unknown}
 n - a scroll of summoning {unknown}
 u - a scroll of magic mapping {unknown}
Potions
 o - a potion of flight
 q - a potion of brilliance


   Skills:
 + Level 4.9 Fighting
 + Level 4.9 Polearms
 + Level 4.9 Armour
 + Level 4.9 Dodging
 - Level 2.0 Stealth


You had 7 spell levels left.
You didn't know any spells.
Your spell library contained the following spells:

 Spells                   Type           Power      Damage    Failure   Level
 Shock                    Conj/Air       0%         1d3       56%         1
 Ensorcelled Hibernation  Hex/Ice        0%         N/A       71%         2
 Spider Form              Tmut/Pois      0%         N/A       91%         3
 Swiftness                Air            0%         N/A       91%         3
 Airstrike                Air            0%         N/A       100%        4
 Anguish                  Hex/Necr       0%         N/A       100%        4


Dungeon Overview and Level Annotations

Branches:
Dungeon (5/15)
 Temple: D:4-7

Altars:
Elyvilon
Okawaru
Zin
The Shining One

Shops:
D:4 *

Annotations:
D:3 2 runed translucent doors, burn09's ghost, amateur SpEn
D:5 Blork the orc


Message History

You are too injured to fight recklessly!
You are too injured to fight recklessly!
You are too injured to fight recklessly!
You are too injured to fight recklessly!
You are too injured to fight recklessly!
You are too injured to fight recklessly!
You are too injured to fight recklessly!
You are too injured to fight recklessly!
You are too injured to fight recklessly!
You are too injured to fight recklessly!
You are too injured to fight recklessly!
You are too injured to fight recklessly!
You are too injured to fight recklessly!
You are too injured to fight recklessly!
You are too injured to fight recklessly!
You are too injured to fight recklessly!
You are too injured to fight recklessly!
You are too injured to fight recklessly!
You aren't carrying any items that you can evoke.
It was a potion of curing.
You feel better. Blork the orc closely misses you.
Press: ? - help, v - describe, . - travel
Here: Blork the orc, wielding a +0 battleaxe, wearing a +0 robe and carrying a wand of iceblast (2) (heavily wounded, fast)
The floor.
It was a potion of resistance.
You feel protected. Blork the orc completely misses you.
Blork the orc screams, "I'll drink your blood!
Soon!"
Blork the orc hits you with a +0 battleaxe!
* * * LOW HITPOINT WARNING * * *
Blork the orc gestures at you while chanting.
The puff of flame misses you. Blork the orc completely misses you.
Blork the orc screams, "You are the ugliest creature I've ever seen!"
Blork the orc zaps a wand.
The mass of ice explodes!
The iceblast engulfs you. You partially resist.
* * * LOW HITPOINT WARNING * * *
There is an open door here.
Blork the orc looks braver for a moment.
Blork the orc zaps a wand.
The mass of ice explodes!
The iceblast engulfs you! You partially resist.
You die...

...''..........(#.........
...##..........###...####.
. #.................# #.
#........#.).).#[.###.
#.......##.._..##.....
#........#.).).#......
#.....................
#######'#....###........
..... #@##....#.........
.......#.##.........#####
.......#o###.#.######
.......#.# #.#.#
.......#'###+#†###
......)..........#
.................#
................)#####
.................'...#


You could see Blork the orc (fast).

Vanquished Creatures
  A black bear (D:4)
  2 ogres
  2 phantoms (D:4)
  A water moccasin zombie (D:5)
  A howler monkey (D:4)
  2 hounds (D:5)
  A centaur skeleton (D:5)
  An iguana (D:5)
  An orc wizard (D:3)
  A hound zombie (D:5)
  6 adders
  A shadow imp (D:5)
  An adder skeleton (D:5)
  3 worms
  2 dart slugs
  3 orcs
  3 endoplasms
  2 giant cockroaches (D:3)
  11 goblins
  7 hobgoblins
  3 jackals (D:4)
  7 kobolds
  3 quokkas
  7 ball pythons
  5 bats
  3 frilled lizards
  6 rats
86 creatures vanquished.

Notes
Turn   | Place    | Note
-------+----------+-------------------------------------------
     0 | D:1      | Gabide the Human Monk began the quest for the Orb.
     0 | D:1      | Reached XP level 1. HP: 18/18 MP: 1/1
   244 | D:1      | Reached XP level 2. HP: 24/24 MP: 2/2
   298 | D:1      | Found a faded altar of an unknown god.
   541 | D:1      | Reached XP level 3. HP: 29/29 MP: 3/3
   898 | D:2      | Found a white marble altar of Elyvilon.
  1938 | D:3      | Found a runed translucent door.
  1939 | D:3      | Noticed a bullfrog
  1963 | D:3      | Found a runed translucent door.
  2075 | D:3      | Reached XP level 4. HP: 30/35 MP: 4/4
  2446 | D:3      | Reached XP level 5. HP: 27/42 MP: 5/5
  3016 | D:3      | Found a glowing silver altar of Zin.
  3016 | D:3      | Noticed an angel
  3774 | D:3      | Noticed burn09's ghost (amateur SpEn)
  3775 | D:3      | Noticed an ogre
  3795 | D:3      | Killed an ogre
  3796 | D:3      | Reached XP level 6. HP: 49/49 MP: 6/6
  4603 | D:4      | Found Ybourch's Lightly-Used Armoury.
  4611 | D:4      | Bought a -3 bardiche for 1 gold piece
  4785 | D:4      | Identified the +2 chain mail "Ytan" {Contam rElec Str+7}
  4951 | D:4      | Noticed a black bear
  5098 | D:4      | Killed a black bear
  5099 | D:4      | Reached XP level 7. HP: 20/55 MP: 7/7
  5682 | D:5      | Entered Level 5 of the Dungeon
  5880 | D:5      | Found an iron altar of Okawaru.
  5915 | D:5      | Noticed Blork the orc
  6720 | D:5      | Found a glowing golden altar of the Shining One.
  7312 | D:5      | Reached XP level 8. HP: 56/61 MP: 8/8
  7459 | D:5      | Killed from afar by Blork the orc

Illustrated notes

Levels and vault maps discovered:
D:1:      mainiacjoe_arrival_reflecting_pool, layout_loops_ring,
          hellmonk_ecumenical_altar_leap_of_faith,
          chequers_serial_rivers_micro_d, chequers_mini_garden
D:2:      layout_basic, basic_altar, minmay_tetromino_l4
D:3:      minmay_razor_zed, layout_basic, zin_angel, ebering_ghost_sewer_f
D:4:      layout_cave_pools, minmay_shop_damaged, minmay_strange_pillars,
          minmay_misc_feat_encased, chequers_serial_rivers_micro_c
D:5:      layout_basic, okawaru_ov_weapons_minmay, tso_metal_star, serial_shops,
          shop, uniq_blork_the_orc

Skill      XL: |  1  2  3  4  5  6  7 |
---------------+----------------------+-----
Fighting       | 4 |  4.9
Polearms       | 4 |  4.9
Dodging        | 4 |  4.9
Armour         | 2 4 |  4.9
Stealth        | |  2.0

Action                   |  1- 3 |  4- 6 |  7- 9 || total
-------------------------+-------+-------+-------++-------
Melee: Spear             |   137 |   278 |   162 ||   577
       Punch             |       |     2 |     6 ||     8
  Use: Potion            |       |     4 |     3 ||     7
       Scroll            |       |     6 |     4 ||    10
 Stab: Sleeping          |    15 |     3 |     2 ||    20
       Distracted        |     2 |       |       ||     2
Armor: Robe              |     9 |    29 |       ||    38
       Skin              |       |    22 |       ||    22
       Ring mail         |       |     9 |    37 ||    46
Dodge: Dodged            |    49 |   135 |    91 ||   275
